 Dungeon Crawl Stone Soup version 0.23-a0-642-g3120c2f (webtiles) character file.

135 MisterFreud the Slasher (level 5, -3/36 HPs)
             Began as an Octopode Monk on Dec 30, 2018.
             Slain by Natasha (9 damage)
             ... on level 2 of the Dungeon.
             The game lasted 00:02:52 (1476 turns).

MisterFreud the Slasher (Octopode Monk)             Turns: 1476, Time: 00:02:53

Health: -3/36      AC:  1    Str: 10    XL:     5   Next: 18%
Magic:  5/5        EV: 14    Int: 13    God:
Gold:   54         SH:  0    Dex: 15    Spells: 4/4 levels left

rFire    . . .     SeeInvis .   a - +0 falchion
rCold    . . .     Gourm    .   (no shield)
rNeg     . . .     Faith    .   (helmet restricted)
rPois    .         Spirit   .   (no amulet)
rElec    .         Reflect  .   f - ring of teleportation (curse)
rCorr    .         Harm     .   (no ring)
MR       .....     Rnd*Tele +   (no ring)
Stlth    +++.......             (no ring)
HPRegen  0.12/turn              (no ring)
MPRegen  0.09/turn              (no ring)
                                (no ring)
                                (no ring)

@: no status effects
A: almost no armour, stealthy swim, amphibious, 8 rings, constrict 8, camouflage
1, gelatinous body 1
a: no special abilities


You were on level 2 of the Dungeon.
You were hungry.

You visited 1 branch of the dungeon, and saw 2 of its levels.

You collected 54 gold pieces.

Inventory:

Hand Weapons
 a - a +0 falchion (weapon)
Missiles
 i - 66 stones (quivered)
 j - 9 poisoned needles
 p - 40 bolts
 q - 3 javelins
Jewellery
 f - a cursed ring of teleportation (left tentacle)
Scrolls
 e - a scroll of noise {unknown}
 g - a scroll of teleportation
 h - a scroll of immolation {unknown}
 l - a scroll of identify {unknown}
 n - 2 scrolls of amnesia {unknown}
 o - a scroll of fear {unknown}
 r - a scroll of magic mapping {unknown}
Potions
 d - a potion of invisibility {unknown}
 k - a potion of agility {unknown}
 m - 2 potions of curing {unknown}
Comestibles
 b - 5 rations


   Skills:
 - Level 3.0 Fighting
 + Level 5.7 Long Blades
 - Level 3.0 Dodging
 - Level 2.6 Stealth


You had 4 spell levels left.
You didn't know any spells.
Your spell library contained the following spells:

 Spells                   Type           Power        Failure   Level  Hunger
 Confusing Touch          Hex            #.....       30%         1    ##.....
 Confuse                  Hex            #.......     67%         3    ####...
 Gell's Gravitas          Tloc           #.........   67%         3    ####...
 Petrify                  Tmut/Erth      #.......     97%         4    #####..
 Metabolic Englaciation   Hex/Ice        #.........   100%        5    ######.
 Yara's Violent Unravell  Hex/Tmut       #.........   100%        5    ######.


Dungeon Overview and Level Annotations

Branches:
Dungeon (2/15)

Altars:
Ashenzari
Makhleb
Trog
Zin
The Shining One

Annotations:
D:2 Natasha


Innate Abilities, Weirdness & Mutations

You cannot wear most types of armour.
You are very stealthy in the water. (Stealth+)
You are amphibious.
You can wear up to eight rings at the same time.
You can use your tentacles to constrict eight enemies at once.
Your skin changes colour to match your surroundings (Stealth+).
Your rubbery body absorbs attacks. (AC +1, EV +1)


Message History

Your surroundings suddenly seem different.
You start resting.
Natasha, Servant of Life and Death comes into view.
Natasha is nearby!
Natasha hisses angrily.
You barely miss Natasha. You grab Natasha. You constrict Natasha.
Natasha claws you but does no damage.
You hit Natasha. Your squeeze misses Natasha.
Natasha is moderately wounded.
You constrict Natasha. Natasha claws you!
* * * LOW HITPOINT WARNING * * *
You hit Natasha.
Natasha is heavily wounded.
You constrict Natasha. Natasha closely misses you.
You riposte.
You hit Natasha.
Natasha is almost dead.
You barely miss Natasha.
Natasha is almost dead.
You constrict Natasha. Natasha claws you!
You die...

..## ...# ...# ...#
##### ...# #...#
...#############...#
...................#
#############..#h..#
# #####h.#@..# ##
#####......##.## .#
#[....###..# .# .##
#.######..## ##
..###.# ####.##
#..##.###....# .#
##..#...<.#### #.
###....#### ..
###...## .#


You could see Natasha.

Vanquished Creatures
  Natasha (D:2)
  4 gnolls (D:2)
  4 adders (D:2)
  A dart slug (D:2)
  A giant cockroach (D:1)
  8 hobgoblins
  3 bats
  4 frilled lizards
  6 goblins
  A kobold (D:2)
  6 rats
39 creatures vanquished.

Notes
Turn   | Place    | Note
-------+----------+-------------------------------------------
     0 | D:1      | MisterFreud the Octopode Monk began the quest for the Orb.
     0 | D:1      | Reached XP level 1. HP: 16/16 MP: 1/1
   269 | D:1      | Reached XP level 2. HP: 20/21 MP: 2/2
   671 | D:1      | Reached skill level 4 in Long Blades
   899 | D:2      | Reached XP level 3. HP: 26/26 MP: 3/3
  1011 | D:2      | Found a glowing silver altar of Zin.
  1012 | D:2      | Found a burning altar of Makhleb.
  1012 | D:2      | Found a shattered altar of Ashenzari.
  1012 | D:2      | Found a bloodstained altar of Trog.
  1012 | D:2      | Found a glowing golden altar of the Shining One.
  1020 | D:2      | Reached XP level 4. HP: 31/31 MP: 4/4
  1391 | D:2      | Reached skill level 5 in Long Blades
  1420 | D:2      | Noticed Natasha
  1423 | D:2      | Killed Natasha
  1423 | D:2      | Reached XP level 5. HP: 7/36 MP: 5/5
  1469 | D:2      | Noticed Natasha
  1476 | D:2      | Slain by Natasha

Vault maps used:
D:1:      dpeg_arrival_radiant, kennysheep_nondescript, minmay_heptomino_o4
D:2:      grunt_temple_overflow_open, lemuel_doored_altar, uniq_natasha

Skill      XL: |  1  2  3  4 |
---------------+-------------+-----
Long Blades    | 4 5 |  5.7
Fighting       | |  3.0
Dodging        | |  3.0
Stealth        | |  2.6

Action                   |  1- 3 |  4- 6 || total
-------------------------+-------+-------++-------
Melee: Falchion          |    59 |    30 ||    89
       Constrict         |    16 |    13 ||    29
       Tentacles         |     5 |     8 ||    13
  Use: Scroll            |       |     2 ||     2
 Stab: Sleeping          |    10 |     1 ||    11
  Eat: Chunk             |       |     1 ||     1
Armor: Skin              |     3 |     1 ||     4
Dodge: Dodged            |    29 |    19 ||    48
       Rpst.: Falchion   |     8 |    10 ||    18

Table legend:
 A = Non-vault XP
 B = Vault XP
 C = Vault XP percentage of total XP
 D = Non-vault monster count
 E = Vault monster count
 F = Vault count percentage of total count
                 A         B        C        D         E       F
            +---------+---------+-------+---------+---------+-------
      Total |     152 |      41 |  21.2 |      35 |       4 |  10.3
            +---------+---------+-------+---------+---------+-------
        D:1 |      24 |       5 |  17.2 |      15 |       3 |  16.7
        D:2 |     128 |      36 |  22.0 |      20 |       1 |   4.8
            +---------+---------+-------+---------+---------+-------
